General information
- name: grudge08
- type: Ladder 1vs1/FFA
- host: BEAR_AND
- saver: BEAR_AND
map: SantasStand
- players: 7
- length: 12:45
- speed: Fast
- version: 1.21 W3XP
- replay type:

» download(53 KB)
Players
team 1 (winner)

»
WWGT]Maxx (
green | 206 APM | 2629 actions | 12:45)
4 Demon Hunter
2 Mana Burn
2 Evasion
3 Pandaren Brewmaster
2 Breath of Fire
1 Drunken Haze
» actions
| Assign group hotkey | 44 | |
| Basic commands | 277 | |
| Build / train | 41 | |
| ESC pressed | 1 | |
| Enter build submenu | 13 | |
| Enter hero's abilities submenu | 7 | |
| Remove unit from queue | 1 | |
| Right click | 1220 | |
| Select / deselect | 252 | |
| Select group hotkey | 728 | |
| Use ability | 45 | |
2629 total
» units
| Wisp | 14 | |
| Archer | 3 | |
| Druid of the Claw | 4 | |
| Dryad | 4 | |
25 total
» upgrades
| Druid of the Claw Training | 2 | |
| Abolish Magic | 1 | |
| Mark of the Claw | 1 | |
4 total
» buildings
| Altar of Elders | 1 | |
| Moon Well | 6 | |
| Ancient of War | 1 | |
| Tree of Ages | 1 | |
| Hunter's Hall | 1 | |
| Ancient of Lore | 3 | |
| Tree of Eternity | 1 | |
14 total
» build order
00:14 Altar of Elders
00:17 Moon Well
01:08 Ancient of War
01:41 Moon Well
02:41 Tree of Ages
04:30 Hunter's Hall
06:08 Moon Well
06:16 Ancient of Lore
06:18 Ancient of Lore
07:25 Tree of Eternity
07:55 Moon Well
09:52 Moon Well
09:55 Ancient of Lore
12:25 Moon Well
team 2 (loser)

»
WWGT]AnnaKondra (
red | 69 APM | 879 actions | 12:44)
1 Archmage
1 Blizzard
» actions
| Assign group hotkey | 21 | |
| Basic commands | 1 | |
| Build / train | 37 | |
| Enter build submenu | 19 | |
| Enter hero's abilities submenu | 1 | |
| Remove unit from queue | 1 | |
| Right click | 488 | |
| Select / deselect | 218 | |
| Select group hotkey | 47 | |
| Use ability | 46 | |
879 total
» units
» buildings
| Altar of Kings | 1 | |
| Farm | 7 | |
| Scout Tower | 3 | |
| Barracks | 3 | |
| Arcane Tower | 2 | |
| Arcane Vault | 1 | |
| Keep | 1 | |
| Blacksmith | 1 | |
19 total
» build order
00:04 Altar of Kings
00:07 Farm
00:32 Scout Tower
00:42 Barracks
00:46 Barracks
01:55 Scout Tower
02:04 Farm
02:09 Arcane Tower
02:23 Farm
02:25 Farm
02:29 Farm
03:01 Scout Tower
03:28 Barracks
04:25 Arcane Tower
04:41 Arcane Vault
05:30 Farm
06:12 Farm
09:55 Keep
10:17 Blacksmith
» items
observersBEAR_AND,
royceroyce2001,
Wachepti,
Mata.,
DIRTMCGIRT Chat log
(00:03 / Observers) BEAR_AND: damn
(00:04 / Observers) Mata.: fan
(00:05 / Observers) Mata.: fuckin
(00:06 / Observers) Mata.: tastic
(00:06 / Observers) BEAR_AND: red got a towering race
(00:14 / Observers) Mata.: THE towerin race
(00:15 / Observers) DIRTMCGIRT: if he towers i leave
(00:18 / Observers) Mata.: perrchance
(00:19 / Observers) BEAR_AND: haha
(00:28 / Observers) Mata.: me too probbly i gotta sleep
(00:42 / Observers) Mata.: gettin up @@@ six tomorro to do some fuckin laundry?
(00:48 / Observers) Mata.: then i gotta board a train across the sea
(01:22 / Observers) BEAR_AND: boy am i glad to see a barracks
(01:37 / Observers) Mata.: tower not even upgraded yet
(01:52 / Observers) BEAR_AND: it's a warning
(01:58 / Observers) BEAR_AND: "nr 15...or else"
(02:03 / Observers) BEAR_AND: god damn another one
(02:11 / Observers) Mata.: he just juked you
(02:12 / Observers) BEAR_AND: aowc
(02:24 / Observers) Mata.: he coulda afforded it closer, i dont think red is about to militia cancel it
(02:41 / Observers) BEAR_AND: presonally i like letting an archer get LSed and parking her in the mid of those priests
(02:45 / Observers) BEAR_AND: creeping em all at once
(02:56 / Observers) Mata.: a few whispss just died..
(03:00 / Observers) BEAR_AND: 2
(03:02 / Observers) DIRTMCGIRT: oh no
(03:07 / Observers) Mata.: the archer trick works but you gotta be care full not to let ls get last hit
(03:09 / Observers) DIRTMCGIRT: no exp if the ancient kills the creep
(03:20 / Observers) BEAR_AND: i don't think ls can get the last hit
(03:25 / Observers) DIRTMCGIRT: nope
(03:27 / Observers) Mata.: ?
(03:34 / Observers) DIRTMCGIRT: lightning shield
(03:34 / Observers) Mata.: what do you mean by can
(03:37 / Observers) BEAR_AND: lightnign shield doesn't last long enough i think
(03:41 / Observers) Mata.: it does
(03:43 / Observers) BEAR_AND: to creep all those little priest
(03:43 / Observers) Mata.: and can
(03:43 / Observers) BEAR_AND: oh
(03:44 / Observers) Mata.: 300 damage
(03:49 / Observers) DIRTMCGIRT: it doesnt give u exp
(03:52 / Observers) Mata.: yes
(03:54 / Observers) DIRTMCGIRT: if u kills someone with it
(04:04 / Observers) Mata.: it does if you kill someone with it as long as you're the one that casted it
(04:05 / Observers) BEAR_AND: depends if you cast it
(04:15 / Observers) BEAR_AND: tp
(04:16 / Observers) BEAR_AND: tp
(04:29 / Observers) Mata.: no reason to stop chasing that am really
(04:32 / Observers) BEAR_AND: dual rax
(04:36 / Observers) BEAR_AND: with a late second
(04:40 / Observers) BEAR_AND: this guy's style i gues ..
(04:55 / Observers) BEAR_AND: oh boy
(04:56 / Observers) DIRTMCGIRT: lol
(05:04 / Observers) Mata.: i have made up my mind
(05:05 / Observers) BEAR_AND: hahahah lol
(05:06 / Observers) DIRTMCGIRT: wat?
(05:08 / Observers) Mata.: i will burg tomorrow
(05:09 / Observers) DIRTMCGIRT: wat wat wat
(05:12 / Observers) royceroyce2001: he
(05:14 / Observers) royceroyce2001: let him go
(05:16 / Observers) Mata.: avoids attacking am at all costs
(05:19 / Observers) BEAR_AND: "i release you"
(05:20 / Observers) royceroyce2001: he let him off the hook
(05:20 / Observers) DIRTMCGIRT: why didnt he kill reds am?
(05:30 / Observers) Mata.: doesnt beleive in violence
(05:46 / Observers) DIRTMCGIRT: for the love of god
(05:48 / Observers) DIRTMCGIRT: kill that am
(05:53 / Observers) BEAR_AND: i like how you can hear a burp
(05:53 / Observers) royceroyce2001: footmen are following am
(05:54 / Observers) BEAR_AND: in the bof
(05:57 / Observers) Mata.: fucking ghandi dh is going down to ocean to make some fucking salt, bye archmage, live long
(05:58 / Observers) DIRTMCGIRT: 50 hp oh my god
(06:02 / Observers) Wachepti: daaaamn
(06:08 / Observers) DIRTMCGIRT: just gave awaya
(06:10 / Observers) DIRTMCGIRT: who the guy is
(06:14 / Observers) DIRTMCGIRT: way 2 go]
(06:21 / Observers) DIRTMCGIRT: now we know its ghandi
(06:27 / Observers) DIRTMCGIRT: i thought he was dead
(06:27 / Observers) Mata.: mb
(06:28 / Observers) BEAR_AND: lol haha
(06:40 / Observers) BEAR_AND: you know mata doesn't know who people are right?
(06:46 / Observers) DIRTMCGIRT: yea
(06:48 / Observers) royceroyce2001: what is going on
(06:50 / Observers) Mata.: i actually do but
(06:51 / Observers) DIRTMCGIRT: i forgot there was a real ghandi
(06:52 / Observers) DIRTMCGIRT: on bnet
(07:01 / Observers) Mata.: bear hasn't told me
(07:06 / Observers) Mata.: i recognize all playing styles
(07:22 / Observers) royceroyce2001: random footies
(07:28 / Observers) Mata.: i dont think ghandi still plays tho
(07:31 / Observers) royceroyce2001: hit rally point was probably on am
(07:35 / Observers) Mata.: he's circlejerking in hell now
(07:37 / Observers) DIRTMCGIRT: lol
(07:39 / Observers) BEAR_AND: tp
(07:40 / Observers) Mata.: well am has been out
(07:42 / Observers) Mata.: long enough to get stuck
(07:54 / Observers) Wachepti: annie needs to upgrade th dayum
(07:55 / Observers) Mata.: i'd rather kill farm tbo
(08:14 / Observers) Mata.: once he decides to footy frenzy he doesn't back down
(08:20 / Observers) Mata.: not even in the face of ne tier 3
(08:44 / Observers) Mata.: if he brought like 10 tower workers
(08:45 / Observers) Wachepti: bof lol
(08:47 / Observers) Mata.: he woulda totally won this
(09:18 / Observers) royceroyce2001: this game
(09:25 / Observers) Mata.: forget it
(09:27 / Observers) Wachepti: is painful to watch
(09:30 / Observers) Mata.: this aint over until red towers up
(09:43 / Observers) royceroyce2001: anna must be phonenumber
(09:51 / Observers) Mata.: actually is online
(09:54 / Observers) Mata.: and in channel
(09:57 / Observers) Wachepti: anna is totally finex I bet
(10:04 / Observers) Mata.: might be
(10:14 / Observers) Mata.: someone i've never obsed i'd wager
(10:21 / Observers) Mata.: so i really can't say
(10:28 / Observers) royceroyce2001: i dunno
(10:31 / Observers) royceroyce2001: i just was playing with him
(10:32 / Observers) DIRTMCGIRT: is exquisite tea playin
(10:37 / Observers) royceroyce2001: his dad had to make him go do something
(10:39 / Observers) Mata.: yeh
(11:01 / Observers) DIRTMCGIRT: i forgot his bnet handle
(11:02 / Observers) royceroyce2001: but he could very well be anna!
(11:43 / Observers) Wachepti: what is the correct phonetic for the sound mana burn makes
(11:46 / Observers) royceroyce2001: red isnt even building anything
(11:51 / Observers) BEAR_AND: ffeeeezoop
(11:55 / Observers) royceroyce2001: wossh wossh
(12:06 / Observers) Mata.: dh
(12:07 / Observers) Mata.: owned
(12:07 / Observers) Mata.: gg
(12:11 / Observers) Mata.: reversal
(12:13 / Observers) royceroyce2001: no keep him surrounded
(12:13 / Observers) Mata.: of fortune
(12:16 / Observers) BEAR_AND: run & get a staff panda
(12:21 / Observers) Mata.: rejuv maybe
(12:34 / Observers) BEAR_AND: one bear can do it
(12:36 / Observers) BEAR_AND: one alone
(12:39 / All) WWGT]AnnaKondra: gg
(12:41 / All) WWGT]Maxx: gg
(12:41 / Observers) royceroyce2001: dh could probably kill the militia
(12:44 / Observers) royceroyce2001: and run out